 Dungeon Crawl Stone Soup version 0.27-a0-906-g0a00ce863d (webtiles) character file.

Game seed: 3521176352300604931

67 Chiseanne the Magician (level 4, 30/30 HPs)
             Began as a Demonspawn Hedge Wizard on Apr 7, 2021.
             Quit the game on level 2 of the Dungeon.
             The game lasted 00:02:28 (1972 turns).

Chiseanne the Magician (Demonspawn Hedge Wizard)    Turns: 1972, Time: 00:02:29

Health: 30/30      AC:  4    Str: 10    XL:     4   Next: 0%
Magic:  3/9        EV: 12    Int: 16    God:
Gold:   20         SH:  0    Dex: 13    Spells: 9/10 levels left

rFire    . . .     SeeInvis .   a - +0 short sword
rCold    . . .     Faith    .   (no shield)
rNeg     . . .     Spirit   .   b - +0 robe
rPois    .         Reflect  .   c - +0 hat
rElec    .         Harm     .   (no cloak)
rCorr    .         Rampage  .   (no gloves)
Will     .....                  (no boots)
Stlth    ++........             (no amulet)
HPRegen  0.10/turn              (no ring)
MPRegen  0.11/turn              (no ring)

@: no status effects
A: claws 1, yellow scales 1, foul stench 1
a: no special abilities


You were on level 2 of the Dungeon.
You visited 1 branch of the dungeon, and saw 2 of its levels.

You collected 72 gold pieces.
You spent 52 gold pieces at shops.

Inventory:

Hand Weapons
 a - a +0 short sword (weapon)
Missiles
 e - 72 stones
 i - 12 bolts
Armour
 b - a +0 robe (worn)
 c - a +0 hat (worn)
Jewellery
 g - a ring of willpower
Scrolls
 d - 3 scrolls of identify
 h - a scroll of enchant weapon {unknown}
Potions
 f - 2 potions of curing {unknown}


   Skills:
 - Level 1.7 Dodging
 - Level 1.7 Stealth
 * Level 3.9 Spellcasting
 * Level 2.7 Conjurations
 - Level 1.0 Summonings
 - Level 0.8 Translocations


You had 9 spell levels left.
You knew the following spells:

 Your Spells              Type           Power      Damage    Failure   Level
a - Magic Dart            Conj           48%        1d5       5%          1

Your spell library contained the following spells:

 Spells                   Type           Power      Damage    Failure   Level
 Call Imp                 Summ           6%         N/A       17%         2
 Blink                    Tloc           N/A        N/A       19%         2
 Ensorcelled Hibernation  Hex/Ice        6%         N/A       26%         2
 Slow                     Hex            3%         N/A       26%         2
 Conjure Flame            Conj/Fire      7%         6-21      28%         3
 Mephitic Cloud           Conj/Pois/Air  6%         N/A       34%         3
 Animate Armour           Summ/Erth      8%         N/A       80%         4
 Borgnjor's Vile Clutch   Necr/Erth      1%         N/A       99%         5
 Silence                  Hex/Air        1%         N/A       99%         5
 Shadow Creatures         Summ           N/A        N/A       100%        6


Dungeon Overview and Level Annotations

Branches:
Dungeon (2/15)

Altars:
Kikubaaqudgha

Shops:
D:2 ?


Innate Abilities, Weirdness & Mutations

You have sharp fingernails.
You are partially covered in yellow scales. (AC +2)
You may rarely emit foul miasma when damaged in melee.


Message History

Casting: Magic Dart (safe; 6% risk of failure)
Confirm with . or Enter, or press ? or * to list all spells.
Aiming: Magic Dart (safe; 6% risk of failure)
Press: ? - help, Shift-Dir - straight line, f - adder
Aim: an adder (asleep, 0% to evade)
The magic dart hits the adder.
The adder is lightly wounded.
Casting: Magic Dart (safe; 6% risk of failure)
Confirm with . or Enter, or press ? or * to list all spells.
Aiming: Magic Dart (safe; 6% risk of failure)
Press: ? - help, Shift-Dir - straight line, f/p - adder
Aim: an adder (lightly wounded, 0% to evade)
The magic dart hits the adder.
The adder is heavily wounded.
Casting: Magic Dart (safe; 6% risk of failure)
Confirm with . or Enter, or press ? or * to list all spells.
Aiming: Magic Dart (safe; 6% risk of failure)
Press: ? - help, Shift-Dir - straight line, f/p - adder
Aim: an adder (heavily wounded, 0% to evade)
The magic dart hits the adder.
The adder is severely wounded.
Casting: Magic Dart (safe; 6% risk of failure)
Confirm with . or Enter, or press ? or * to list all spells.
Aiming: Magic Dart (safe; 6% risk of failure)
Press: ? - help, Shift-Dir - straight line, f/p - adder
Aim: an adder (severely wounded, 0% to evade)
The magic dart hits the adder.
The adder is almost dead.
The adder misses you.
Casting: Magic Dart (safe; 6% risk of failure)
Confirm with . or Enter, or press ? or * to list all spells.
Aiming: Magic Dart (safe; 6% risk of failure)
Press: ? - help, Shift-Dir - straight line, f/p - adder
Aim: an adder (almost dead, 0% to evade)
The magic dart hits the adder.
You kill the adder!
You have reached level 4!
You feel agile.
Your demonic ancestry asserts itself...
Your fingernails lengthen.
Are you sure you want to abandon this character and quit the game? (Confirm with "yes".)

#.#####.# #.#
#.......# #.#
##)..######.### #...#
#....# #...#####.##.#
##.......#.# .#
##.....##.#.# .#
#.>.....#.#.##.######
#............@.......
#....................
##.....###..#.#.#####
##...## #...###..
##### ##.#.# ###
..##.# ### .# .


There were no monsters in sight!

Vanquished Creatures
  3 adders (D:2)
  A worm (D:2)
  4 bats (D:1)
  2 endoplasms (D:2)
  3 goblins (D:2)
  3 hobgoblins
  2 jackals (D:1)
  2 quokkas (D:1)
  7 ball pythons
  5 frilled lizards (D:1)
  5 kobolds
  A rat (D:1)
38 creatures vanquished.

Notes
Turn   | Place    | Note
-------+----------+-------------------------------------------
     0 | D:1      | Chiseanne the Demonspawn Hedge Wizard began the quest for
                  | the Orb.
     0 | D:1      | Reached XP level 1. HP: 13/13 MP: 4/4
   242 | D:1      | Gained mutation: You may rarely emit foul miasma when
                  | damaged in melee. [demonic ancestry]
   242 | D:1      | Reached XP level 2. HP: 8/19 MP: 0/6
   521 | D:1      | You fall into a shaft and drop 1 floor!
   543 | D:2      | Found an ancient bone altar of Kikubaaqudgha.
   952 | D:1      | Found a faded altar of an unknown god.
  1442 | D:2      | Found Xanyulua's Magic Scroll Shoppe.
  1447 | D:2      | Gained mutation: You are partially covered in yellow
                  | scales. (AC +2) [demonic ancestry]
  1447 | D:2      | Reached XP level 3. HP: 24/24 MP: 2/8
  1506 | D:2      | Bought a scroll of identify for 26 gold pieces
  1506 | D:2      | Bought a scroll of identify for 26 gold pieces
  1972 | D:2      | Gained mutation: You have sharp fingernails. [demonic
                  | ancestry]
  1972 | D:2      | Reached XP level 4. HP: 30/30 MP: 3/9
  1972 | D:2      | Quit the game

Illustrated notes

Levels and vault maps discovered:
D:1:      shiori_arrival_oz, layout_basic,
          shapermc_ecumenical_altar_starsandcircs, minmay_misc_feat_plants
D:2:      layout_loops_ring, basic_altar, serial_shops, nicolae_shop_crystal,
          minmay_pentomino_x2

Skill      XL: |  1  2 |
---------------+-------+-----
Conjurations   | 2 |  2.7
Dodging        | |  1.7
Stealth        | |  1.7
Spellcasting   | |  3.9
Summonings     | |  1.0
Translocations | |  0.8

Action                   |  1- 3 |  4- 6 || total
-------------------------+-------+-------++-------
Melee: Dagger            |    22 |       ||    22
       Short sword       |    21 |       ||    21
 Cast: Magic Dart        |    79 |       ||    79
  Use: Scroll            |     1 |       ||     1
Armor: Robe              |     5 |       ||     5
Dodge: Dodged            |    38 |       ||    38

Table legend: (Time is in decaauts)
 A = Elapsed time spent in this place.
 B = Non-inter-level travel time spent in this place.
 C = Inter-level travel time spent in this place.
 D = Time resting spent in this place.
 E = Time spent auto-exploring this place.
 F = Levels seen in this place.
 G = Mean time per level.
                   A        B        C        D        E       F      G
               +--------+--------+--------+--------+--------+-----+--------+
         Total |   1974 |   1955 |     19 |    587 |   1148 |   2 |  987.0 |
       Dungeon |   1974 |   1955 |     19 |    587 |   1148 |   2 |  987.0 |
               +--------+--------+--------+--------+--------+-----+--------+

Top non-repeatable levels by time:
     D:1: 1406 daAuts
     D:2: 567 daAuts
